 Dungeon Crawl Stone Soup version 0.32-a0-898-g7811c86cf0 (webtiles) character file.

Game seed: 1501587520856213972

3054 Lanoc the Carver (level 9, -3/71 HPs)
             Began as a Coglin Berserker on Apr 4, 2024.
             Was a Priest of Trog.
             Slain by a two-headed ogre
             ... wielding a +0 giant club
              (19 damage)
             ... on level 8 of the Dungeon.
             The game lasted 00:09:46 (6996 turns).

Lanoc the Carver (Coglin Berserker)                 Turns: 6996, Time: 00:09:46

Health: -3/71      AC: 12    Str: 18    XL:     9   Next: 87%
Magic:  9/9        EV:  9    Int:  6    God:    Trog [***...]
Gold:   257        SH:  0    Dex: 18    Spells: 8/8 levels left

rFire   . . .        a - +0 falchion {Lukas}
rCold   . . .        i - +1 short sword (speed) {Astrid}
rNeg    . . .        y - +0 chain mail of the Depths {Regen+ Slay+3}
rPois   .            (no helmet)
rElec   .            (no cloak)
rCorr   .            u - +0 pair of gloves
SInv    .            e - +0 pair of boots
Will    .....        (amulet unavailable) Stlth
                     (ring unavailable)
HPRegen 1.11/turn    (ring unavailable)
MPRegen 0.11/turn    (no gizmo)

%: no passive effects
@: on berserk cooldown, slowed, invisible, revving, very slow
A: off-hand wielding, slow wielding, warmup strikes, no jewellery
a: Invent Gizmo, Renounce Religion, Berserk, Trog's Hand


You were on level 8 of the Dungeon.
You worshipped Trog.
Trog was most pleased with you.
You visited 2 branches of the dungeon, and saw 9 of its levels.

You collected 487 gold pieces.
You spent 230 gold pieces at shops.

Inventory:

Hand Weapons
 a - a +0 falchion (weapon) {Lukas}
 i - a +1 short sword of speed (offhand) {Astrid}
Missiles
 r - 4 darts of dispersal (quivered)
Armour
 e - a +0 pair of boots (worn)
 u - a +0 pair of gloves (worn)
 w - a +2 leather armour of willpower
 y - the +0 chain mail of the Depths (worn) {Regen+ Slay+3}
   (You found it on level 8 of the Dungeon)

   Slay+3:    It affects your accuracy & damage with ranged weapons and melee
   (+3).
   Regen+:    It increases your rate of health regeneration.
Talismans
 o - a talisman of death
Wands
 v - a wand of flame (10)
Scrolls
 h - 3 scrolls of butterflies {unknown}
 k - 5 scrolls of identify
 n - a scroll of noise {unknown}
 p - 2 scrolls of teleportation {unknown}
 s - a scroll of revelation {unknown}
 t - 2 scrolls of vulnerability {unknown}
 x - a scroll of immolation {unknown}
 z - 3 scrolls of poison {unknown}
 A - a scroll of acquirement {unknown}
Potions
 b - 2 potions of degeneration {unknown}
 c - 3 potions of heal wounds {unknown}
 d - 8 potions of curing
 f - 4 potions of berserk rage {unknown}
 g - 3 potions of brilliance {unknown}
 j - a potion of attraction {unknown}
 l - 3 potions of enlightenment {unknown}
 m - 3 potions of invisibility
 q - 2 potions of mutation {unknown}


   Skills:
 + Level 6.7 Fighting
 * Level 9.1 Long Blades
 + Level 5.7 Armour
 + Level 5.7 Dodging


You had 8 spell levels left.
You didn't know any spells.
Your spell library was empty.

Dungeon Overview and Level Annotations

Branches:
Dungeon (8/15)             Temple (1/1) D:7
   Lair: D:8-11

Altars:
Cheibriados
Fedhas
Gozag
Hepliaklqana
Makhleb
Nemelex Xobeh
Okawaru
Qazlal
Ru
Sif Muna
Trog
Uskayaw
Vehumet
Wu Jian
Xom
Yredelemnul
Zin
The Shining One

Shops:
D:2 !   D:7 **

Annotations:
D:6 2 transporters, Autsider's ghost, novice MDFE
Temple 2 transporters


Innate Abilities, Weirdness & Mutations

You can wield a second weapon in your off-hand.
It takes a long time for you to wield or remove held weapons.
Your first few attacks do less damage.
You cannot equip rings or amulets.


Message History

a +5 great sword; a +0 robe You feel a strong urge to attack something.
Items here: ( ))) [[ †.
You are no longer berserk.
You are exhausted.
You feel yourself slow down.
Items here: )) [ ††.
A two-headed ogre comes into view. It is wielding two +0 giant clubs.
Items here: ( ))) [[ †.
Items here: )) [ ††.
There is an open door here.
There is an open door here.
Items here: )) [ ††.
The two-headed ogre shouts in stereo!
Items here: ( ))) [[ †.
Items here: ( ))) [[ †.
Items here: )) [ ††.
There is an open door here.
You slash the two-headed ogre with your +0 falchion!
The two-headed ogre is lightly wounded.
You hit the two-headed ogre with your +1 short sword of speed.
The two-headed ogre hits you with a +0 giant club!
The two-headed ogre hits you but does no damage.
You hit the two-headed ogre but do no damage.
The two-headed ogre is lightly wounded.
You completely miss the two-headed ogre with your +0 falchion.
You hit the two-headed ogre with your +1 short sword of speed.
The two-headed ogre is lightly wounded.
You barely miss the two-headed ogre with your +0 falchion.
The two-headed ogre hits you with a +0 giant club!
The two-headed ogre closely misses you.
You hit the two-headed ogre with your +1 short sword of speed.
The two-headed ogre is moderately wounded.
You completely miss the two-headed ogre with your +0 falchion.
The two-headed ogre hits you with a +0 giant club! x2
You fade into invisibility!
The two-headed ogre hits you with a +0 giant club!
* * * LOW HITPOINT WARNING * * *
The two-headed ogre hits you with a +0 giant club!!
You die...

##.## ##.## #.. ... #.# ###
#.≈ ... #.# #.≈ .... ##+##
#§≈ ..... ##...## #.≈ #....#
##.....## ##.≈ ......#
##......)## ##..≈
.......####....<..).####...≈
#..[...))O@......))'.[....§
#......)##.........####...≈
#.....#.###.......## #....
##..#.#.# ##.....## #.###
#..#.#.# ##...## #.# # #.
....# ##+## #.### . #.###
#..^. ## #. ##### #


You could see a two-headed ogre (unable to see you).

Vanquished Creatures
  Grinder (D:4)
  A steam dragon (D:7)
  A water moccasin (D:6)
  2 sky beasts (D:7)
  An ice beast (D:5)
  2 orc warriors
  2 black bears (D:6)
  A phantom (D:6)
  2 kobold brigands (D:8)
  2 bullfrogs
  3 scorpions
  10 wights (D:8)
  4 killer bees (D:7)
  A howler monkey (D:8)
  A bombardier beetle (D:6)
  A jelly (D:6)
  2 hounds (D:6)
  2 orc priests (D:6)
  4 gnoll boudas
  A sleepcap (D:6)
  3 iguanas
  3 orc wizards
  15 gnolls
  5 adders
  2 shadow imps
  2 white imps (D:6)
  5 dart slugs
  2 ribbon worms (D:2)
  10 orcs
  4 ball pythons
  9 bats
  5 endoplasms
  A giant cockroach (D:2)
  8 goblins
  3 hobgoblins
  3 quokkas
  18 kobolds
  5 rats
147 creatures vanquished.

Vanquished Creatures (others)
  An orc (D:7)
1 creature vanquished.

Grand Total: 148 creatures vanquished

Notes
Turn   | Place    | Note
-------+----------+-------------------------------------------
     0 | D:1      | Lanoc the Coglin Berserker began the quest for the Orb.
     0 | D:1      | Reached XP level 1. HP: 18/18 MP: 1/1
   118 | D:1      | Reached XP level 2. HP: 24/24 MP: 2/2
   560 | D:2      | Reached XP level 3. HP: 29/29 MP: 3/3
   607 | D:2      | Reached ** piety under Trog
   651 | D:2      | Found a faded altar of an unknown god.
  1116 | D:2      | Found Huopsed's Distillery.
  1122 | D:2      | Bought a potion of curing for 42 gold pieces
  1718 | D:3      | Found a hide-covered altar of Uskayaw.
  1754 | D:3      | Found a radiant altar of Vehumet.
  2165 | D:3      | Reached XP level 4. HP: 31/35 MP: 4/4
  2398 | D:4      | Noticed Grinder
  2415 | D:4      | Killed Grinder
  2416 | D:4      | Reached skill level 4 in Long Blades
  2416 | D:4      | Reached XP level 5. HP: 35/42 MP: 5/5
  2416 | D:4      | Reached XP level 6. HP: 40/48 MP: 6/6
  3175 | D:5      | Entered Level 5 of the Dungeon
  3303 | D:5      | Reached skill level 5 in Long Blades
  3422 | D:5      | Noticed an ice beast
  3438 | D:5      | Killed an ice beast
  3439 | D:5      | Reached XP level 7. HP: 36/55 MP: 7/7
  3858 | D:5      | Found an opulent altar of Gozag.
  4224 | D:6      | Reached skill level 6 in Long Blades
  4645 | D:6      | Reached skill level 5 in Fighting
  4645 | D:6      | Reached XP level 8. HP: 58/62 MP: 8/8
  4682 | D:6      | Noticed Autsider's ghost (novice MDFE)
  4683 | D:6      | Found a transporter.
  4683 | D:6      | Identified the +9 dire flail "Xauhif" {flame, rF+ Stlth+}
  4683 | D:6      | Identified the +7 dire flail "Comu" {flame, rC+ Dex+3
                  | Stlth+}
  4683 | D:6      | Noticed a two-headed ogre
  4958 | D:6      | Found an iron altar of Okawaru.
  4991 | D:6      | Reached skill level 7 in Long Blades
  5316 | D:6      | Found a transporter.
  5340 | D:7      | Found Imaahy's Incredible Inventory.
  5360 | D:7      | Bought a scroll of identify for 20 gold pieces
  5360 | D:7      | Bought a potion of invisibility for 80 gold pieces
  5426 | D:7      | Reached XP level 9. HP: 62/69 MP: 9/9
  5552 | D:7      | Reached skill level 5 in Armour
  5554 | D:7      | Reached skill level 5 in Dodging
  5697 | D:7      | Reached skill level 8 in Long Blades
  5719 | D:7      | Found a staircase to the Ecumenical Temple.
  5751 | Temple   | Found a transporter.
  5751 | Temple   | Found a transporter.
  5751 | Temple   | Found a transporter.
  5751 | Temple   | Found a transporter.
  5751 | Temple   | Entered the Ecumenical Temple
  5896 | D:7      | Found Uvyiqucele's Assorted Antiques.
  5901 | D:7      | Bought a scroll labelled LECOPI RIEFADD for 18 gold pieces
  5901 | D:7      | Bought a potion of curing for 54 gold pieces
  5901 | D:7      | Bought a fuming purple potion for 16 gold pieces
  6325 | D:8      | Reached *** piety under Trog
  6437 | D:8      | Identified the +0 chain mail of the Depths {Regen+ Slay+3}
  6481 | D:8      | Found a hazy altar of Hepliaklqana.
  6964 | D:8      | Reached skill level 9 in Long Blades
  6972 | D:8      | Noticed a two-headed ogre
  6996 | D:8      | Slain by a two-headed ogre

Illustrated notes

Levels and vault maps discovered:
D:1:      orjb1_clovarrival, layout_rooms
D:2:      layout_basic, nicolae_ecumenical_lake_church, serial_shops, shop
D:3:      cheibrodos_old_hovel, layout_loops_ring, vehumet_crystals,
          mainiacjoe_overflow_cross_hatched, serial_park_tiny_1,
          minmay_increasing_density
D:4:      layout_layer_cave, kennysheep_generic_room_4, uniq_grinder
D:5:      layout_gridville, mainiacjoe_overflow_alcove_1
D:6:      nicolae_cairo_tiling_very_big, layout_cave_pools,
          mainiacjoe_overflow_six_doors_small, gammafunk_ghost_smash,
          nicolae_nh_ransacked_shop
D:7:      layout_rooms, minmay_temple_entry_statues_fountains, serial_shops,
          nicolae_shop_hallway_plus, nicolae_alphabet_shops,
          nicolae_grassy_gnolls
D:8:      layout_loops_corners, mainiacjoe_overflow_brackets,
          amethyst_overflow_temple_binary
Temple:   hellmonk_temple_divided_pantheon

Skill      XL: |  1  2  3  4  5  6  7  8  9 |
---------------+----------------------------+-----
Armour         | 2 3 4 5 |  5.7
Dodging        | 2 3 4 5 |  5.7
Fighting       | 4 5 6 |  6.7
Long Blades    | 4 5 6 7 9 |  9.1

Action                     |  1- 3 |  4- 6 |  7- 9 || total
---------------------------+-------+-------+-------++-------
  Melee: Falchion          |    83 |    61 |   257 ||   401
         Dagger            |    42 |       |       ||    42
         Short sword       |    35 |    53 |   255 ||   343
 Invoke: Berserk           |       |     2 |    12 ||    14
    Use: Potion            |       |       |     1 ||     1
   Stab: Sleeping          |     2 |     1 |       ||     3
 Armour: Animal skin       |    46 |    28 |    81 ||   155
         Leather armour    |       |       |    52 ||    52
         Chain mail        |       |       |    38 ||    38
  Dodge: Dodged            |    54 |    32 |   143 ||   229

Table legend: (Time is in decaauts)
 A = Elapsed time spent in this place.
 B = Non-inter-level travel time spent in this place.
 C = Inter-level travel time spent in this place.
 D = Time resting spent in this place.
 E = Time spent auto-exploring this place.
 F = Levels seen in this place.
 G = Mean time per level.
                   A        B        C        D        E       F      G
               +--------+--------+--------+--------+--------+-----+--------+
         Total |   7031 |   6822 |    209 |      0 |   5882 |   9 |  781.2 |
       Dungeon |   7029 |   6820 |    209 |      0 |   5882 |   8 |  878.6 |
        Temple |      2 |      2 |      0 |      0 |      0 |   1 |    2.0 |
               +--------+--------+--------+--------+--------+-----+--------+

Top non-repeatable levels by time:
     D:6: 1326 daAuts
     D:2: 1181 daAuts
     D:8: 888 daAuts
     D:4: 868 daAuts
     D:5: 856 daAuts
     D:7: 772 daAuts
     D:3: 623 daAuts
     D:1: 510 daAuts
  Temple: 2 daAuts
